Construct Infanterie Kompanie
Selects Mechanized Battlegroup
Construct Luftwaffe Kompanie
Flak 30 Anti-aircraft Gun Team
Selects StuG Assault Group
Construct Panzer Kompanie
Selects UNKNOWN (2160084)
Selects Mobile Repair Stations
Selects Wespe Self-propelled Artillery
Selects Zeroing Artillery Barrage
Zeroing Artillery Barrage
Wespe Self-propelled Artillery
Zeroing Artillery Barrage
Zeroing Artillery Barrage